 Dungeon Crawl Stone Soup version 0.18.1-47-g9310371 (webtiles) character file.

1353 Mesmaeker13 the Charmwright (level 8, 0/87 HPs)
             Began as a Demonspawn Skald on June 21, 2016.
             Was an Initiate of Nemelex Xobeh.
             Succumbed to a gnoll sergeant's poison
             ... on level 7 of the Dungeon on June 22, 2016.
             The game lasted 00:31:08 (6335 turns).

Mesmaeker13 the Charmwright (Demonspawn Skald)      Turns: 6335, Time: 00:31:09

Health: 0/87       AC: 24    Str: 12 (13) XL:     8   Next: 37%
Magic:  11/11      EV:  2    Int: 13 (15) God:    Nemelex Xobeh [......]
Gold:   158        SH:  6    Dex: 18 (20) Spells: 4 memorised, 3 levels left

rFire  + . .     SeeInvis .     k - +1 short sword (speed)
rCold  + + .     Gourm    .     (armour currently unavailable)
rNeg   + + +     Faith    .     (no shield)
rPois  +         Spirit   .     (helmet unavailable)
rElec  +         Dismiss  .     (cloak currently unavailable)
rCorr  +         Reflect  +     (gloves currently unavailable)
SustAt .         Harm     .     (boots currently unavailable)
MR     .....     NoTele   +     t - +6 amulet of reflection
Stlth  +++.......               (no ring)
                                G - ring of protection from cold

@: agile, lethally poisoned (0 -> -10), tree-form, resistant, very slightly
contaminated, hasted, very quick, not resistant to hostile enchantments, fairly
stealthy
A: (antennae 0), (claws 0), agile 1, powered by pain 2
a: Renounce Religion


You were on level 7 of the Dungeon.
You worshipped Nemelex Xobeh.
Nemelex Xobeh was noncommittal.
You were hungry.
You were a tree.
You visited 2 branches of the dungeon, and saw 8 of its levels.

You collected 227 gold pieces.
You spent 69 gold pieces at shops.

Inventory:

Hand Weapons
 k - a +1 short sword of speed (weapon)
 l - a +2 dagger of venom
Missiles
 y - 8 poisoned needles
Armour
 g - a +1 robe of cold resistance
 i - a +0 plate armour
 q - a +0 pair of boots (melded)
 u - a +2 robe of positive energy (melded)
 B - a +0 pair of gloves (melded)
Jewellery
 n - an uncursed ring of ice {unknown}
 t - a +6 amulet of reflection (around neck)
 G - a ring of protection from cold (left branch)
Wands
 a - a wand of confusion (25/48)
 r - a wand of polymorph (11/24)
Scrolls
 b - a scroll of enchant armour {unknown}
 h - 3 scrolls of teleportation
 w - a scroll of enchant weapon
 D - a scroll of fog
 F - a scroll of immolation {unknown}
Potions
 f - a potion of agility
 v - 3 potions of invisibility
Books
 c - a book of Battle

   Spells                             Type                      Level
   a - Infusion                       Charms                       1
   b - Shroud of Golubria             Charms/Translocation         2
   c - Song of Slaying                Charms                       2
   d - Spectral Weapon                Hexes/Charms                 3
   e - Regeneration                   Charms/Necromancy            3
Miscellaneous
 j - a plain deck of war {drawn: 1}
Comestibles
 d - 3 bread rations
 s - a fruit
 x - 2 meat rations
 z - 5 beef jerkies
 E - 3 chunks of flesh


   Skills:
 - Level 3.4 Fighting
   Level 3.6 Axes
 - Level 5.1 Armour
 - Level 0.8 Dodging
 - Level 2.0 Spellcasting
 + Level 2.2 Hexes
 + Level 6.7 Charms


You had 3 spell levels left.
You knew the following spells:

 Your Spells              Type           Power        Failure   Level  Hunger
a - Infusion              Chrm           ###.         1%          1    ##.....
b - Song of Slaying       Chrm           ###.....     2%          2    ###....
c - Shroud of Golubria    Chrm/Tloc      ##........   12%         2    ###....
d - Spectral Weapon       Hex/Chrm       ##......     14%         3    ####...


Dungeon Overview and Level Annotations

Branches:
Dungeon (7/15)             Temple (1/1) D:4

Altars:
Ashenzari
Cheibriados
Dithmenos
Elyvilon
Kikubaaqudgha
Makhleb
Nemelex Xobeh
Okawaru
Pakellas
Qazlal
Ru
Sif Muna
Trog
Vehumet
The Shining One

Shops:
D:5 *

Annotations:
D:6 TBriggs11TB's ghost, novice HOFi


Innate Abilities, Weirdness & Mutations

((You have a pair of large antennae on your head (SInv).))
((You have sharp fingernails.))
You sometimes gain power by taking damage.
You are agile. (Dex +2)


Message History

The scroll dissolves into smoke.
It was a scroll of fog.
* * * LOW HITPOINT WARNING * * *
You feel sick. The gnoll hits you but does no damage.
The gnoll sergeant hits you from afar with a trident of venom.
* * * LOW HITPOINT WARNING * * *
You block the gnoll's attack.
The gnoll hits you from afar with a halberd.
* * * LOW HITPOINT WARNING * * *
You hit the gnoll.
The gnoll is heavily wounded.
You hit the gnoll.
The gnoll is heavily wounded.
* * * LOW HITPOINT WARNING * * *
You feel sick. The gnoll hits you but does no damage.
You block the gnoll's attack.
The gnoll sergeant hits you but does no damage.
You hit the gnoll.
The gnoll is severely wounded.
You die...
Your body disappears without a glow.

### ...# #..######
#......#
#......########
#......%......### #
#§§§...######...##.F
#.§§g§.............#
#.§♣gg..#......<....
#.§§§g(.#.####..#.##
######....##....# ..
#....$....... .
#......!......
#...............
#........[......
.............(..#
##..#.#...#...


You could see a gnoll sergeant and 3 gnolls.

Vanquished Creatures
  Sigmund (D:2)
  A sky beast (D:5)
  A black bear (D:4)
  3 ogres (D:4)
  A centaur (D:5)
  A giant frog (D:7)
  2 scorpions
  A water moccasin skeleton (D:4)
  2 crimson imps
  A centaur skeleton (D:7)
  An orc wizard (D:4)
  Jessica (D:3)
  An iguana (D:7)
  2 worker ants
  A hound zombie (D:5)
  A worker ant zombie (D:7)
  6 gnolls
  6 adders
  An ooze (D:2)
  2 adder skeletons
  A worm (D:4)
  A dart slug (D:1)
  4 giant geckos
  8 orcs
  6 bats
  4 giant cockroaches
  4 goblins
  6 hobgoblins
  7 jackals
  3 quokkas
  2 ball pythons
  3 giant newts
  A jackal zombie (D:7)
  6 kobolds
  7 rats
99 creatures vanquished.

Vanquished Creatures (others)
  A spectral weapon (D:7)
1 creature vanquished.

Grand Total: 100 creatures vanquished

Notes
Turn   | Place    | Note
--------------------------------------------------------------
     0 | D:1      | Mesmaeker13 the Demonspawn Skald began the quest for the Orb.
     0 | D:1      | Reached XP level 1. HP: 16/16 MP: 3/3
   328 | D:1      | Reached skill level 3 in Charms
   331 | D:1      | Gained mutation: You have a pair of small antennae on your head. [demonic ancestry]
   331 | D:1      | Reached XP level 2. HP: 19/23 MP: 0/5
  1516 | D:2      | Learned a level 2 spell: Song of Slaying
  1554 | D:2      | Gained mutation: You sometimes gain a little power by taking damage. [demonic ancestry]
  1554 | D:2      | Reached XP level 3. HP: 24/28 MP: 1/6
  1825 | D:2      | Noticed Sigmund
  2194 | D:3      | Noticed Jessica
  2201 | D:3      | Killed Jessica
  2201 | D:3      | Gained mutation: You have sharp fingernails. [demonic ancestry]
  2201 | D:3      | Reached XP level 4. HP: 32/35 MP: 3/7
  2307 | D:3      | Found a burning altar of Makhleb.
  2964 | D:4      | Noticed a black bear
  2968 | D:4      | Noticed an ogre
  2969 | D:4      | Noticed an ogre
  3001 | D:4      | Killed an ogre
  3001 | D:4      | Reached skill level 1 in Armour
  3001 | D:4      | Gained mutation: You sometimes gain power by taking damage. [demonic ancestry]
  3001 | D:4      | Reached XP level 5. HP: 41/41 MP: 1/8
  3009 | D:4      | Killed a black bear
  3009 | D:4      | Reached skill level 4 in Charms
  3009 | D:4      | Reached XP level 6. HP: 34/47 MP: 0/9
  3176 | D:4      | Found a staircase to the Ecumenical Temple.
  3591 | D:4      | Learned a level 2 spell: Shroud of Golubria
  3657 | D:4      | Gained mutation: You have a pair of antennae on your head. [demonic ancestry]
  3657 | D:4      | Reached XP level 7. HP: 41/52 MP: 2/10
  3797 | D:4      | Reached skill level 5 in Charms
  3983 | D:2      | Killed Sigmund
  4597 | D:5      | Entered Level 5 of the Dungeon
  4772 | D:5      | Found Doezairr's Assorted Antiques.
  5084 | D:5      | Bought a scroll of remove curse for 69 gold pieces
  5277 | D:5      | Reached skill level 6 in Charms
  5277 | D:5      | Gained mutation: You have a pair of large antennae on your head (SInv). [demonic ancestry]
  5277 | D:5      | Reached XP level 8. HP: 50/58 MP: 3/11
  5300 | D:5      | Reached skill level 5 in Armour
  5432 | D:5      | Found a shadowy altar of Dithmenos.
  5845 | Temple   | Entered the Ecumenical Temple
  5948 | Temple   | Became a worshipper of Nemelex Xobeh the Trickster
  6007 | D:5      | Learned a level 3 spell: Spectral Weapon
  6040 | D:6      | Noticed TBriggs11TB's ghost (novice HOFi)
  6074 | D:6      | Found a stormy altar of Qazlal.
  6081 | D:6      | Received a gift from Nemelex Xobeh
  6124 | D:7      | Reached skill level 1 in Hexes
  6319 | D:7      | Gained mutation: You are agile. (Dex +2) [potion of beneficial mutation]
  6332 | D:7      | HP: 2/87 [gnoll/halberd (3)]
  6335 | D:7      | Succumbed to a gnoll sergeant's poison

Skill      XL: |  1  2  3  4  5  6  7  8 |
---------------+-------------------------+-----
Charms         | 3 4 6 |  6.7
Axes           | 2 3 |  3.6
Fighting       | 3 |  3.4
Armour         | 1 2 3 4 5 |  5.1
Hexes          | 2 |  2.2
Dodging        | |  0.8
Spellcasting   | |  2.0

Action                   |  1- 3 |  4- 6 |  7- 9 || total
-------------------------+-------+-------+-------++-------
Melee: Hand axe          |    36 |       |       ||    36
       Short sword       |    90 |   169 |   207 ||   466
 Cast: Infusion          |    12 |    13 |    10 ||    35
       Song of Slaying   |       |     2 |       ||     2
       Shroud of Golubri |       |       |     5 ||     5
       Spectral Weapon   |       |       |     4 ||     4
Evoke: Deck              |       |       |     1 ||     1
  Use: Scroll            |       |     8 |     2 ||    10
       Potion            |       |     5 |     6 ||    11
  Eat: Chunk             |     4 |     5 |     8 ||    17
       Fruit             |       |       |     2 ||     2
Armor: Leather armour    |    34 |     7 |       ||    41
       Robe              |       |     6 |    36 ||    42
       Ring mail         |       |    22 |    22 ||    44
       Skin              |       |       |    10 ||    10
Dodge: Dodged            |    67 |    50 |    78 ||   195
Block: Other             |     8 |    36 |    46 ||    90
       Reflection        |     1 |       |     1 ||     2
